 Dungeon Crawl Stone Soup version 0.30-a0-694-g3340775977 (webtiles) character file.

Game seed: 4760163008993723222

425 Dartaoz the Skirmisher (level 6, 0/50 HPs)
             Began as a Minotaur Hunter on Jan 20, 2023.
             Killed from afar by Sigmund (7 damage)
             ... with a magic dart
             ... on level 4 of the Dungeon.
             The game lasted 00:07:33 (2528 turns).

Dartaoz the Skirmisher (Minotaur Hunter)            Turns: 2528, Time: 00:07:34

Health: 0/50       AC:  4    Str: 16    XL:     6   Next: 64%
Magic:  5/5        EV: 12    Int:  6    God:
Gold:   187        SH:  0    Dex: 15    Spells: 5/5 levels left

rFire   . . .      SeeInvis .    a - +0 shortbow
rCold   . . .      Faith    .    (shield currently unavailable)
rNeg    . . .      Spirit   .    c - +0 leather armour
rPois   .          Reflect  .    (helmet restricted)
rElec   .          Harm     .    (no cloak)
rCorr   .          Rampage  .    (no gloves)
Will    .....                    e - +0 pair of boots
Stlth   +                        o - amulet of regeneration
HPRegen 1.08/turn                i - ring of flight
MPRegen 0.09/turn                (no ring)

@: flying
A: horns 2, retaliatory headbutt
a: no special abilities


You were on level 4 of the Dungeon.
You visited 1 branch of the dungeon, and saw 4 of its levels.

You collected 187 gold pieces.

Inventory:

Hand Weapons
 a - a +0 shortbow (weapon)
Armour
 c - a +0 leather armour (worn)
 e - a +0 pair of boots (worn)
Jewellery
 i - a ring of flight (left hand)
 o - an amulet of regeneration (around neck)
Scrolls
 b - a scroll of immolation
 d - 4 scrolls of identify {unknown}
 f - a scroll of noise {unknown}
 h - 2 scrolls of amnesia {unknown}
 l - a scroll of fear {unknown}
 m - a scroll of enchant armour {unknown}
 q - 2 scrolls of teleportation {unknown}
 s - a scroll of fog {unknown}
 t - a scroll of vulnerability {unknown}
Potions
 g - 3 potions of curing {unknown}
 j - 5 potions of degeneration {unknown}
 k - 2 potions of lignification {unknown}
 n - a potion of haste {unknown}
 p - a potion of heal wounds {unknown}
 r - a potion of might {unknown}
 u - a potion of brilliance {unknown}


   Skills:
 - Level 2.4 Fighting
 + Level 8.9 Ranged Weapons
 - Level 2.1 Dodging
 - Level 0.7 Stealth


You had 5 spell levels left.
You didn't know any spells.
Your spell library was empty.

Dungeon Overview and Level Annotations

Branches:
Dungeon (4/15)
 Temple: D:4-7

Altars:
Hepliaklqana
Kikubaaqudgha
Makhleb
Ru

Annotations:
D:4 Sigmund


Innate Abilities, Weirdness & Mutations

You have a pair of horns on your head.
You reflexively headbutt those who attack you in melee.


Message History

Sigmund is moderately wounded.
Fire: a) +0 shortbow
Press: ? - help, Q - select action Shift-Dir - straight line, f/p - Sigmund
Aim: Sigmund, wielding a +0 scythe and wearing a +2 robe of willpower (moderately wounded, 61% to hit)
You shoot an arrow. The arrow hits Sigmund.
Sigmund is heavily wounded.
Sigmund misses you.
Fire: a) +0 shortbow
Press: ? - help, Q - select action Shift-Dir - straight line, f/p - Sigmund
Aim: Sigmund, wielding a +0 scythe and wearing a +2 robe of willpower (heavily wounded, 61% to hit)
You shoot an arrow. The arrow hits Sigmund.
Sigmund is heavily wounded.
Sigmund hits you from afar with a +0 scythe!
* * * LOW HITPOINT WARNING * * *
Fire: a) +0 shortbow
Press: ? - help, Q - select action Shift-Dir - straight line, f/p - Sigmund
Aim: Sigmund, wielding a +0 scythe and wearing a +2 robe of willpower (heavily wounded, 61% to hit)
You shoot an arrow. The arrow hits Sigmund.
Sigmund is heavily wounded.
Sigmund gestures wildly while chanting.
Sigmund flickers and vanishes!
Deactivating autopickup; reactivate with Ctrl-A.
Fire: a) +0 shortbow
Press: ? - help, Q - select action Shift-Dir - straight line, f - you Really target yourself? [Y]es or [N]o only, please.
Really target yourself?
Okay, then.
Something hits you!
* * * LOW HITPOINT WARNING * * *
Fire: a) +0 shortbow
Press: ? - help, Q - select action Shift-Dir - straight line You shoot an arrow.
You shoot an arrow. Something hits you.
* * * LOW HITPOINT WARNING * * *
You shoot an arrow.
You hear some strange, mumbled words.
A magic dart appears from out of thin air!
The magic dart hits you!
You die...

..#...#.........
..#...#..........#
..#...#..........#
#.#...#..........#
#.#...#.......)..###
#.#...#............
......#..........#
......#.........{#
...#............@#
...#.............#
...#.....###....##
...#.....# #....#
...#.....# #....#
#.##.....# #....###
#.##.....# #......#
#.##.....# #......#
#.##.....######...#


There were no monsters in sight!

Vanquished Creatures
  A phantom (D:3)
  A gnoll bouda (D:4)
  An iguana (D:4)
  2 orc wizards (D:3)
  10 adders
  5 gnolls (D:4)
  A worm (D:2)
  3 dart slugs
  9 orcs (D:3)
  12 ball pythons
  6 endoplasms
  3 giant cockroaches
  6 goblins
  13 hobgoblins
  2 jackals (D:1)
  2 quokkas
  2 bats
  2 frilled lizards
  7 kobolds
  3 rats
91 creatures vanquished.

Notes
Turn   | Place    | Note
-------+----------+-------------------------------------------
     0 | D:1      | Dartaoz the Minotaur Hunter began the quest for the Orb.
     0 | D:1      | Reached XP level 1. HP: 18/18 MP: 0/0
    76 | D:1      | Found a faded altar of an unknown god.
   112 | D:1      | Reached XP level 2. HP: 25/25 MP: 1/1
   133 | D:1      | Reached skill level 5 in Ranged Weapons
   745 | D:2      | Reached XP level 3. HP: 30/30 MP: 2/2
   863 | D:2      | Found an ancient bone altar of Kikubaaqudgha.
   910 | D:2      | Reached skill level 6 in Ranged Weapons
  1277 | D:3      | Reached XP level 4. HP: 37/37 MP: 3/3
  1406 | D:3      | Reached skill level 7 in Ranged Weapons
  1457 | D:3      | Found a hazy altar of Hepliaklqana.
  1459 | D:3      | Reached XP level 5. HP: 42/42 MP: 4/4
  1583 | D:3      | Noticed a phantom
  1586 | D:3      | Killed a phantom
  1644 | D:3      | Found a burning altar of Makhleb.
  1763 | D:3      | Reached skill level 8 in Ranged Weapons
  1789 | D:3      | Reached XP level 6. HP: 46/50 MP: 5/5
  1995 | D:3      | Found a sacrificial altar of Ru.
  2093 | D:4      | Identified the +8 rapier of Chaos {freeze, rF+ Dex+4}
  2292 | D:4      | Noticed Sigmund
  2528 | D:4      | Killed from afar by Sigmund

Illustrated notes

Levels and vault maps discovered:
D:1:      minmay_arrival_radiant_lines, layout_basic,
          shapermc_ecumenical_altar_venn, supply_closet_lemuel
D:2:      layout_basic, basic_altar, grunt_ministairs_7
D:3:      layout_loops_ring, mainiacjoe_overflow_surrounded_room,
          mainiacjoe_overflow_small_starburst, general_overflow_altar,
          minmay_snake_closets
D:4:      wad_river_or_something, layout_basic, sigmund_army, uniq_grinder

Skill      XL: |  1  2  3  4  5 |
---------------+----------------+-----
Ranged Weapons | 5 6 7 8 |  8.9
Fighting       | |  2.4
Dodging        | |  2.1
Stealth        | |  0.7

Action                   |  1- 3 |  4- 6 || total
-------------------------+-------+-------++-------
Melee: Shortbow          |       |     1 ||     1
 Fire: Shortbow          |   112 |   184 ||   296
Armor: Leather armour    |    13 |    20 ||    33
Dodge: Dodged            |    18 |    63 ||    81

Table legend: (Time is in decaauts)
 A = Elapsed time spent in this place.
 B = Non-inter-level travel time spent in this place.
 C = Inter-level travel time spent in this place.
 D = Time resting spent in this place.
 E = Time spent auto-exploring this place.
 F = Levels seen in this place.
 G = Mean time per level.
                   A        B        C        D        E       F      G
               +--------+--------+--------+--------+--------+-----+--------+
         Total |   2581 |   2523 |     58 |     39 |   1916 |   4 |  645.2 |
       Dungeon |   2581 |   2523 |     58 |     39 |   1916 |   4 |  645.2 |
               +--------+--------+--------+--------+--------+-----+--------+

Top non-repeatable levels by time:
     D:3: 879 daAuts
     D:1: 685 daAuts
     D:2: 563 daAuts
     D:4: 452 daAuts
